 Dungeon Crawl Stone Soup version 0.26.1-11-gd32895ea62 (webtiles) character file.

Game seed: 15500968583689337460

21 adizb the Firebug (level 2, -5/17 HPs)
             Began as an Octopode Fire Elementalist on June 26, 2021.
             Shot with an arrow by a centaur (11 damage)
             ... on level 2 of the Dungeon.
             The game lasted 00:06:35 (592 turns).

adizb the Firebug (Octopode Fire Elementalist)       Turns: 592, Time: 00:06:39

Health: -5/17      AC:  1    Str:  7    XL:     2   Next: 83%
Magic:  4/5        EV: 13    Int: 17    God:
Gold:   34         SH:  0    Dex: 12    Spells: 4/5 levels left

rFire    . . .     SeeInvis .   c - +0 dagger
rCold    . . .     Faith    .   (no shield)
rNeg     . . .     Spirit   .   (helmet restricted)
rPois    .         Reflect  .   (no amulet)
rElec    .         Harm     .   (no ring)
rCorr    .         Rampage  .   (no ring)
Will     .....                  (no ring)
Stlth    +++.......             (no ring)
HPRegen  0.05/turn              (no ring)
MPRegen  0.09/turn              (no ring)
                                (no ring)
                                (no ring)

@: no status effects
A: almost no armour, stealthy swim, amphibious, 8 rings, constrict 8, camouflage
1, gelatinous body 1
a: no special abilities


You were on level 2 of the Dungeon.
You visited 1 branch of the dungeon, and saw 2 of its levels.

You collected 34 gold pieces.

Inventory:

Hand Weapons
 c - a +0 dagger (weapon)
Scrolls
 a - 2 scrolls of remove curse {unknown}
 e - a scroll of enchant armour {unknown}
Potions
 b - a potion of invisibility {unknown}
 d - a potion of might {unknown}
 f - 2 potions of mutation {unknown}


   Skills:
 + Level 0.1 Fighting
 + Level 0.2 Short Blades
 + Level 2.2 Dodging
 + Level 2.9 Stealth
 + Level 0.1 Unarmed Combat
 + Level 2.1 Spellcasting
 + Level 1.1 Conjurations
 * Level 3.4 Fire Magic


You had 4 spell levels left.
You knew the following spells:

 Your Spells              Type           Power        Failure   Level
a - Foxfire               Conj/Fire      36%          8%          1

Your spell library contained the following spells:

 Spells                   Type           Power        Failure   Level
 Conjure Flame            Conj/Fire      9%           22%         3
 Inner Flame              Hex/Fire       7%           28%         3
 Sticky Flame             Conj/Fire      9%           58%         4
 Fireball                 Conj/Fire      4%           91%         5


Dungeon Overview and Level Annotations

Branches:
Dungeon (2/15)

Altars:


Innate Abilities, Weirdness & Mutations

You cannot wear most types of armour.
You are very stealthy in the water. (Stealth+)
You are amphibious.
You can wear up to eight rings at the same time.
You can use your tentacles to constrict eight enemies at once.
Your skin changes colour to match your surroundings (Stealth+).
Your rubbery body absorbs attacks. (AC +1, EV +1)


Message History

The centaur is severely wounded.
The centaur hits you. The centaur closely misses you.
You are too injured to fight recklessly!
Casting: Foxfire (safe; 8% risk of failure)
Confirm with . or Enter, or press ? or * to list all spells.
You conjure some foxfire!
The centaur closely misses you.
You hit the centaur but do no damage.
The centaur is severely wounded.
The centaur hits you but does no damage.
The centaur barely misses you.
You closely miss the centaur.
The centaur is severely wounded.
The centaur barely misses you.
Your foxfire dissipates!
The foxfire hits the centaur but does no damage.
The centaur is severely wounded.
The centaur wields a +0 shortbow.
The centaur shoots an arrow.
The arrow hits you!
Ouch! That really hurt!
You die...

#######.# ### #.# ?.. #.#
#.# #.# ... #.# #.#
#######.# #.# #.......#
#c# #.##########.#
#.#........§@#
#.#.....###### #.#..##.#
####.#..##.# #....#..##.#
#.####..##.#
##.####..##.#
.....##.....#############
##.#†##.................$


You could see a centaur.

Vanquished Creatures
  2 dart slugs
  A leopard gecko (D:1)
  4 bats
  A hobgoblin (D:2)
  3 jackals (D:1)
  A goblin (D:1)
  3 kobolds (D:1)
  A rat (D:1)
16 creatures vanquished.

Vanquished Creatures (others)
  13 foxfires
13 creatures vanquished.

Grand Total: 29 creatures vanquished

Notes
Turn   | Place    | Note
-------+----------+-------------------------------------------
     0 | D:1      | adizb the Octopode Fire Elementalist began the quest for
                  | the Orb.
     0 | D:1      | Reached XP level 1. HP: 11/11 MP: 3/3
   223 | D:1      | Reached XP level 2. HP: 17/17 MP: 1/5
   583 | D:2      | Noticed a centaur
   592 | D:2      | Shot with an arrow by a centaur

Illustrated notes

Levels and vault maps discovered:
D:1:      erik_arrival_triangle_large, layout_loops_ring
D:2:      layout_basic

Action                   || total
-------------------------++-------
Melee: Unarmed           ||     2
       Constrict         ||     9
       Tentacles         ||     3
       Dagger            ||    32
 Cast: Foxfire           ||    12
 Stab: Sleeping          ||     5
Armor: Skin              ||     6
Dodge: Dodged            ||    27
